 Dungeon Crawl Stone Soup version 0.30.1-4-g462c640d31 (webtiles) character file.

Game seed: 16948049597353910513

1459 safid the Frost Mage (level 8, -3/65 HPs)
             Began as a Merfolk Ice Elementalist on Aug 22, 2023.
             Was an Initiate of Vehumet.
             Slain by Menkaure (13 damage)
             ... on level 4 of the Dungeon.
             The game lasted 00:08:10 (4216 turns).

safid the Frost Mage (Merfolk Ice Elementalist)     Turns: 4216, Time: 00:08:11

Health: -3/65      AC: 12    Str:  9    XL:     8   Next: 76%
Magic:  0/16       EV: 12    Int: 16    God:    Vehumet [......]
Gold:   106        SH:  0    Dex: 14    Spells: 11/18 levels left

rFire   . . .        d - +2 dagger (venom)
rCold   . . .        (no shield)
rNeg    . . .        u - +1 robe {Will+}
rPois   .            (no helmet)
rElec   .            q - +0 cloak
rCorr   .            (no gloves)
SInv    .            n - +0 pair of boots
Will    +....        o - amulet of guardian spirit
Stlth   ++           m - ring of flight
HPRegen 0.30/turn    (no ring)
MPRegen 0.15/turn

%: guardian spirit
@: ice-armoured, flying
A: (nimble swimmer 2), mertail
a: Renounce Religion


You were on level 4 of the Dungeon.
You worshipped Vehumet.
Vehumet was noncommittal.
You visited 2 branches of the dungeon, and saw 5 of its levels.

You collected 106 gold pieces.

Inventory:

Hand Weapons
 d - a +2 dagger of venom (weapon)
Armour
 n - a +0 pair of boots (worn)
 q - a +0 cloak (worn)
 u - a +1 robe of willpower (worn)
Jewellery
 m - a ring of flight (left hand)
 o - an amulet of guardian spirit (around neck)
Scrolls
 c - a scroll of enchant armour {unknown}
 f - 4 scrolls of immolation {unknown}
 i - a scroll of silence {unknown}
 j - a scroll of vulnerability {unknown}
 k - 3 scrolls of teleportation {unknown}
 l - a scroll of noise {unknown}
 p - a scroll of torment {unknown}
 r - 2 scrolls of identify {unknown}
 t - a scroll of fog {unknown}
Potions
 e - 3 potions of degeneration {unknown}
 g - 3 potions of curing
 h - a potion of flight {unknown}
 s - a potion of heal wounds {unknown}


   Skills:
 + Level 6.5 Fighting
 - Level 2.6 Dodging
 - Level 2.1 Stealth
 + Level 5.8 Spellcasting
 + Level 8.0 Ice Magic


You had 11 spell levels left.
You knew the following spells:

 Your Spells              Type           Power      Damage    Failure   Level
a - Freeze                Ice            100%       1d10      1%          1
b - Frozen Ramparts       Ice            60%        1d10      1%          3
c - Ozocubu's Armour      Ice            30%        N/A       1%          3

Your spell library contained the following spells:

 Spells                   Type           Power      Damage    Failure   Level
 Sting                    Tmut/Pois      16%        1d3       14%         1
 Poisonous Vapours        Pois/Air       8%         N/A       22%         2
 Summon Ice Beast         Ice/Summ       17%        N/A       26%         4
 Cause Fear               Hex            2%         N/A       80%         4
 Olgreb's Toxic Radiance  Pois           4%         N/A       80%         4
 Dragon Form              Tmut           2%         N/A       100%        7
 Dragon's Call            Summ           2%         N/A       100%        9


Dungeon Overview and Level Annotations

Branches:
Dungeon (4/15)             Temple (1/1) D:4

Altars:
Cheibriados
Dithmenos
Gozag
Kikubaaqudgha
Makhleb
Ru
Sif Muna
Uskayaw
Vehumet
Wu Jian
Zin
The Shining One

Annotations:
D:4 Menkaure


Innate Abilities, Weirdness & Mutations

((You are very nimble when in or above water. (Stealth+, EV+, Speed+++)))
Your lower body shifts to a powerful aquatic tail in water.


Message History

Press: ? - help, Shift-Dir - straight line, f/p - Menkaure
Aim: Menkaure (moderately damaged, fast)
You freeze Menkaure.
Menkaure resists.
Menkaure is moderately damaged.
Menkaure hits you.
* * * LOW HITPOINT WARNING * * *
Casting: Freeze (safe; 1% risk of failure)
Confirm with . or Enter, or press ? or * to list all spells.
Aiming: Freeze (safe; 1% risk of failure)
Press: ? - help, Shift-Dir - straight line, f/p - Menkaure
Aim: Menkaure (moderately damaged, fast)
You freeze Menkaure.
Menkaure resists.
Menkaure is moderately damaged.
Menkaure closely misses you.
Unknown command.
Casting: Freeze (safe; 1% risk of failure)
Confirm with . or Enter, or press ? or * to list all spells.
Aiming: Freeze (safe; 1% risk of failure)
Press: ? - help, Shift-Dir - straight line, f/p - Menkaure
Aim: Menkaure (moderately damaged, fast)
You freeze Menkaure.
Menkaure resists.
Menkaure is heavily damaged.
Menkaure calls on the powers of darkness!
You feel a surge of unholy energy. Menkaure closely misses you.
Unknown command.
Unknown command.
It was a potion of curing.
You feel better.
Menkaure points at you and mumbles some strange words.
You resist with some effort.
You hit Menkaure.
Menkaure is heavily damaged.
Menkaure barely misses you.
You hit Menkaure but do no damage.
Menkaure is heavily damaged.
Menkaure hits you.
* * * LOW HITPOINT WARNING * * *
You barely miss Menkaure.
Menkaure is heavily damaged.
Menkaure hits you!
You die...

.# #.# ########.## ######.## .#
#.####......#.#### #.......#
.####................###.####..##
.............##.#.....##.####...#
######)##..).##.#...........##...
#.##....)........##.##.##.##
#.##....##.##...###.......#
#..........###### ####.####
#.##.......@.# #.##
#.......####M# #..# #####.### )..
##.# #.# ....# #.# #.# ....# #.#
######.# ....# ####>#### #......#
....# ##......<# #.###..# ....#
#......#.# #.#....# #..##..#.#


You could see Menkaure (fast).

Vanquished Creatures
  Pikel (D:4)
  Sigmund (D:3)
  Duvessa (D:4)
  A black bear (D:4)
  An ogre (D:4)
  A lemure (D:4)
  2 scorpions (D:4)
  Dowan (D:4)
  A jelly (D:4)
  3 orc priests
  3 orc wizards (D:4)
  A gnoll (D:1)
  9 adders
  An ufetubus (D:4)
  4 worms
  A dart slug (D:3)
  17 orcs
  7 ball pythons
  8 endoplasms
  14 giant cockroaches
  12 goblins
  4 hobgoblins
  5 quokkas
  8 bats
  13 frilled lizards
  7 kobolds
  4 rats
131 creatures vanquished.

Notes
Turn   | Place    | Note
-------+----------+-------------------------------------------
     0 | D:1      | safid the Merfolk Ice Elementalist began the quest for the
                  | Orb.
     0 | D:1      | Reached XP level 1. HP: 13/13 MP: 3/3
   108 | D:1      | Reached XP level 2. HP: 20/20 MP: 1/5
   123 | D:1      | Reached skill level 1 in Fighting
   394 | D:1      | Reached XP level 3. HP: 24/26 MP: 6/6
  1179 | D:2      | Reached skill level 5 in Ice Magic
  1179 | D:2      | Reached XP level 4. HP: 33/33 MP: 8/8
  1844 | D:2      | Learned a level 3 spell: Frozen Ramparts
  1848 | D:2      | Learned a level 3 spell: Ozocubu's Armour
  2059 | D:3      | Reached XP level 5. HP: 38/39 MP: 9/9
  2414 | D:3      | Noticed Sigmund
  2700 | D:3      | Killed Sigmund
  2701 | D:3      | Reached skill level 6 in Ice Magic
  2701 | D:3      | Reached XP level 6. HP: 36/48 MP: 2/11
  2954 | D:4      | Reached XP level 7. HP: 46/55 MP: 7/13
  3306 | D:4      | Reached skill level 5 in Fighting
  3395 | D:4      | Found a staircase to the Ecumenical Temple.
  3404 | Temple   | Entered the Ecumenical Temple
  3561 | Temple   | Became a worshipper of Vehumet
  3666 | D:4      | Noticed Pikel
  3682 | D:4      | Killed Pikel
  3683 | D:4      | Reached skill level 5 in Spellcasting
  3683 | D:4      | Reached skill level 7 in Ice Magic
  3683 | D:4      | Reached XP level 8. HP: 39/64 MP: 1/16
  4060 | D:4      | Noticed Dowan
  4062 | D:4      | Noticed Duvessa
  4080 | D:4      | Killed Duvessa
  4081 | D:4      | Reached skill level 8 in Ice Magic
  4086 | D:4      | Killed Dowan
  4182 | D:4      | Noticed Menkaure
  4208 | D:4      | HP: 2/65 [Menkaure (3)]
  4216 | D:4      | Slain by Menkaure

Illustrated notes

Levels and vault maps discovered:
D:1:      dpeg_arrival_long_road, layout_basic, serial_rivers,
          chequers_serial_rivers_small_3, chequers_serial_rivers_micro_c,
          chequers_serial_rivers_small_3, chequers_serial_rivers_small_3,
          minmay_misc_feat_four_crosses, minmay_lizard_pond
D:2:      minmay_roachtagon, layout_basic, st_stairs_12, serial_bayou_pond_d
D:3:      layout_rooms, minmay_lizard_king, uniq_sigmund
D:4:      layout_loops_cross, minmay_temple_entry_crystal_x, nicolae_half_adder,
          uniq_pikel, uniq_menkaure, uniq_duvessa
Temple:   hellmonk_temple_forest_ring

Skill      XL: |  1  2  3  4  5  6  7  8 |
---------------+-------------------------+-----
Fighting       | 1 2 3 4 6 |  6.5
Ice Magic      | 5 6 7 8 |  8.0
Spellcasting   | 3 4 5 |  5.8
Dodging        | |  2.6
Stealth        | |  2.1

Action                     |  1- 3 |  4- 6 |  7- 9 || total
---------------------------+-------+-------+-------++-------
  Melee: Club              |     4 |       |       ||     4
         Dagger            |    76 |   125 |   109 ||   310
         Tailslap          |     2 |       |       ||     2
         Punch             |     1 |     2 |     4 ||     7
   Cast: Freeze            |    11 |     7 |     9 ||    27
         Frozen Ramparts   |       |     8 |    13 ||    21
         Ozocubu's Armour  |       |     2 |     6 ||     8
    Use: Potion            |       |       |     2 ||     2
   Stab: Sleeping          |     5 |     3 |       ||     8
 Armour: Robe              |    16 |    17 |    29 ||    62
  Dodge: Dodged            |    59 |    97 |    53 ||   209
